 Dungeon Crawl Stone Soup version 0.24.0-123-gd5b16e6ec5 (webtiles) character file.

Game seed: 5112816862124991681, levelgen mode: deterministic

286 Delamore the Chopper (level 6, -8/47 HPs)
             Began as a Formicid Fighter on Jan 7, 2020.
             Was an Initiate of Okawaru.
             Blown up by Ijyb (27 damage)
             ... with a disintegration bolt
             ... on level 3 of the Dungeon.
             The game lasted 00:02:40 (2399 turns).

Delamore the Chopper (Formicid Fighter)             Turns: 2399, Time: 00:02:41

Health: -8/47      AC:  6    Str: 23    XL:     6   Next: 56%
Magic:  6/6        EV:  8    Int:  7    God:    Okawaru [......]
Gold:   102        SH:  9    Dex: 10    Spells: 5/5 levels left

rFire    . . .     SeeInvis +   a - +0 war axe
rCold    . . .     Gourm    .   c - +0 shield
rNeg     . . .     Faith    .   b - +0 scale mail
rPois    .         Spirit   .   (helmet unavailable)
rElec    .         Reflect  .   (no cloak)
rCorr    .         Harm     .   (no gloves)
MR       .....                  (no boots)
Stlth    ..........             (no amulet)
HPRegen  0.15/turn              (no ring)
MPRegen  0.10/turn              (no ring)

@: no status effects
A: permanent stasis, dig shafts and tunnels, four strong arms, antennae 3
a: Dig, Shaft Self, Renounce Religion


You were on level 3 of the Dungeon.
You worshipped Okawaru.
Okawaru was noncommittal.
You were not hungry.

You visited 1 branch of the dungeon, and saw 3 of its levels.

You collected 102 gold pieces.

Inventory:

Hand Weapons
 a - a +0 war axe (weapon)
Armour
 b - a +0 scale mail (worn)
 c - a +0 shield (worn)
Jewellery
 o - an uncursed ring of see invisible {unknown}
Scrolls
 h - 2 scrolls of random uselessness {unknown}
 i - 3 scrolls of identify {unknown}
 l - a scroll of teleportation {unknown}
 p - a scroll of magic mapping {unknown}
 q - a scroll of remove curse {unknown}
 s - a scroll of amnesia {unknown}
Potions
 d - 2 potions of might
 e - a potion of resistance {unknown}
 g - a potion of degeneration {unknown}
 j - 2 potions of lignification {unknown}
 k - 2 potions of haste {unknown}
 m - a potion of brilliance {unknown}
 n - 2 potions of curing
Comestibles
 f - 7 rations
 r - a chunk of flesh


   Skills:
 - Level 3.2 Fighting
 + Level 6.4 Axes
 - Level 3.2 Armour
 - Level 3.6 Shields


You had 5 spell levels left.
You didn't know any spells.
Your spell library was empty.

Dungeon Overview and Level Annotations

Branches:
Dungeon (3/15)

Altars:
Okawaru
Ru
Uskayaw

Annotations:
D:3 Ijyb


Innate Abilities, Weirdness & Mutations

You cannot be hasted, slowed, berserked, paralysed or teleported.
You can dig through walls and to a lower floor.
Your four strong arms can wield two-handed weapons with a shield.
You have a pair of large antennae on your head. (SInv)


Message History

Ijyb is severely wounded.
You closely miss the frilled lizard.
The frilled lizard bites you but does no damage.
You block Ijyb's attack.
You hit Ijyb.
Ijyb is severely wounded.
You barely miss the frilled lizard. The frilled lizard bites you.
Ijyb zaps a wand.
You are blasted!
The frilled lizard bites you but does no damage.
You closely miss Ijyb.
Ijyb is severely wounded.
You hit the frilled lizard.
You kill the frilled lizard!
You feel sick.
You are no longer poisoned.
The bat hits you but does no damage. Ijyb screams, "I no like you!"
Ijyb zaps a wand.
You are blasted!
Ouch! That really hurt!
You die...

######.#####
#.#_.....
##.........#
####.....
##.#######.#
##8...8 ##.# #.#
##8## ##.#
#.####### ## #.#
#...<...# #.#
#.#####.# ##.#
#.#####.##
...#######......@.#
##......)..#####.g#
########### #.b#
#(.. ##... ....
%.... .(....


You could see Ijyb and a bat.

Vanquished Creatures
  A bullfrog (D:2)
  Terence (D:3)
  Robin (D:2)
  3 gnolls (D:3)
  4 adders
  An ooze (D:3)
  A worm (D:2)
  3 dart slugs
  A leopard gecko (D:1)
  8 orcs
  6 bats
  3 giant cockroaches
  17 goblins
  12 hobgoblins
  8 jackals
  A quokka (D:2)
  A ball python (D:3)
  4 frilled lizards
  13 kobolds
  6 rats
95 creatures vanquished.

Notes
Turn   | Place    | Note
-------+----------+-------------------------------------------
     0 | D:1      | Delamore the Formicid Fighter began the quest for the Orb.
     0 | D:1      | Reached XP level 1. HP: 18/18 MP: 1/1
    55 | D:1      | Reached XP level 2. HP: 15/24 MP: 2/2
   100 | D:1      | Reached skill level 3 in Axes
   129 | D:1      | Reached XP level 3. HP: 18/29 MP: 3/3
   641 | D:2      | Reached skill level 4 in Axes
   641 | D:2      | Reached XP level 4. HP: 31/35 MP: 4/4
   815 | D:2      | Noticed a bullfrog
   833 | D:2      | Killed a bullfrog
   833 | D:2      | Reached skill level 5 in Axes
   833 | D:2      | Reached XP level 5. HP: 18/41 MP: 5/5
   879 | D:2      | Noticed Robin
   892 | D:2      | Killed Robin
  1159 | D:2      | Found a hide-covered altar of Uskayaw.
  1330 | D:2      | Reached XP level 6. HP: 29/47 MP: 6/6
  1858 | D:3      | Noticed Terence
  1878 | D:3      | Reached skill level 6 in Axes
  1893 | D:3      | Killed Terence
  1944 | D:3      | Found an iron altar of Okawaru.
  1966 | D:3      | Became a worshipper of Warmaster Okawaru
  2349 | D:3      | Found a sacrificial altar of Ru.
  2384 | D:3      | Noticed Ijyb
  2399 | D:3      | Blown up by Ijyb

Levels and vault maps discovered:
D:1:      dpeg_arrival_shrine, layout_rooms
D:2:      layout_basic, lemuel_round_altar, uniq_robin
D:3:      layout_loops_ring, okawaru_ov_weapons_minmay,
          nicolae_overflow_hidden_temple, uniq_ijyb, uniq_terence

Skill      XL: |  1  2  3  4  5  6 |
---------------+-------------------+-----
Axes           | 3 4 5 6 |  6.4
Fighting       | |  3.2
Armour         | |  3.2
Shields        | |  3.6

Action                   |  1- 3 |  4- 6 || total
-------------------------+-------+-------++-------
Melee: War axe           |    89 |   179 ||   268
Throw: Javelin           |       |     3 ||     3
  Eat: Chunk             |       |     5 ||     5
Armor: Scale mail        |    54 |    70 ||   124
Dodge: Dodged            |    26 |    60 ||    86
Block: Shield            |    59 |   116 ||   175
